 Dungeon Crawl Stone Soup version 0.28-a0-653-g7e9dba17c3 (webtiles) character file.

Game seed: 12062886149739131105

62 Zenkrye the Skirmisher (level 4, -1/37 HPs)
             Began as a Formicid Abyssal Knight on Oct 11, 2021.
             Was a Believer of Lugonu.
             Killed from afar by Terence (6 damage)
             ... with a puff of flame
             ... on level 3 of the Dungeon.
             The game lasted 00:03:48 (2272 turns).

Zenkrye the Skirmisher (Formicid Abyssal Knight)    Turns: 2272, Time: 00:03:49

Health: -1/37      AC:  9    Str: 18    XL:     4   Next: 28%
Magic:  5/6        EV: 11    Int: 10    God:    Lugonu [**....]
Gold:   51         SH:  0    Dex: 11    Spells: 3/3 levels left

rFire   . . .      SeeInvis +   a - +1 hand axe
rCold   . . .      Faith    .   (no shield)
rNeg    . . .      Spirit   .   c - +0 ring mail
rPois   .          Reflect  .   (helmet unavailable)
rElec   .          Harm     .   (no cloak)
rCorr   .          Rampage  .   (no gloves)
Will    +....                   (no boots)
Stlth   +.........              (no amulet)
HPRegen 0.12/turn               p - +4 ring of protection
MPRegen 0.10/turn               f - ring of willpower

@: no status effects
A: permanent stasis, dig shafts and tunnels, antennae 3, four strong arms
a: Dig, Shaft Self, Renounce Religion, Depart the Abyss, Bend Space


You were on level 3 of the Dungeon.
You worshipped Lugonu.
Lugonu was pleased with you.
You visited 1 branch of the dungeon, and saw 3 of its levels.
You visited the Abyss 1 time.

You collected 51 gold pieces.

Inventory:

Hand Weapons
 a - a +1 hand axe (weapon)
Missiles
 h - 35 bolts
Armour
 b - a +0 leather armour
 c - a +0 ring mail (worn)
Jewellery
 f - a ring of willpower (right hand)
 p - a +4 ring of protection (left hand)
Scrolls
 d - a scroll of immolation
Potions
 g - a potion of flight
 j - 2 potions of ambrosia


   Skills:
 + Level 3.7 Fighting
 + Level 2.5 Axes
 + Level 2.8 Armour
 + Level 1.6 Dodging
 + Level 2.9 Invocations


You had 3 spell levels left.
You didn't know any spells.
Your spell library was empty.

Dungeon Overview and Level Annotations

Branches:
Dungeon (3/15)

Altars:

Annotations:
D:3 Terence


Innate Abilities, Weirdness & Mutations

You cannot be hasted, slowed, berserked, paralysed or teleported.
You can dig through walls and to a lower floor.
You have a pair of large antennae on your head. (SInv)
Your four strong arms can wield two-handed weapons with a shield.


Message History

The ball python constricts you.
The ball python bites you but does no damage.
The ball python constricts you.
You hit the ball python.
You kill the ball python!
Lugonu accepts your kill.
No target in view!
No target in view!
No target in view!
A dart slug is nearby!
You hit the dart slug.
The dart slug is heavily wounded.
You slash the dart slug!
You kill the dart slug!
Lugonu accepts your kill.
No target in view!
No target in view!
HP restored.
You see here a dart slug corpse.
Terence is nearby!
Terence says, "Time to say good-bye..."
You hit Terence but do no damage.
Terence zaps a wand.
The puff of flame hits you.
You completely miss Terence.
Terence zaps a wand.
The puff of flame hits you!
You hit Terence but do no damage. Terence hits you but does no damage.
You hit Terence.
Terence is moderately wounded.
Terence screams, "I want your blood!" Terence hits you with a +0 flail!
Okay, then.
You closely miss Terence.
Terence is moderately wounded.
Terence zaps a wand.
The puff of flame hits you!
* * * LOW HITPOINT WARNING * * *
You hit Terence but do no damage.
Terence is moderately wounded.
Terence barely misses you. Terence closely misses you. Space bends around you!
You blink.
Terence zaps a wand.
The puff of flame hits you.
You die...

########### #.........########
#### #########.#######.#.......
...## #...@...........†.†......#
....####.#######@#######.#.####..
.................# #.#.#
<...####.######### #.#.# ...##
#.# ##########.#.# #.## #.#
#..........#.# #.# #.#
#.########.#.# #.# #.# #.# #.#..
#.# ..# #.# #.# #.# ...######.#
###..


You could see Terence.

Vanquished Creatures
  2 adders (D:2)
  2 worms (D:2)
  2 dart slugs
  6 ball pythons
  2 endoplasms
  3 giant cockroaches (D:2)
  2 goblins
  5 kobolds
  4 bats
  5 frilled lizards
  3 rats (D:2)
36 creatures vanquished.

Vanquished Creatures (others)
  3 plants (D:2)
3 creatures vanquished.

Grand Total: 39 creatures vanquished

Notes
Turn   | Place    | Note
-------+----------+-------------------------------------------
     0 | Abyss:1  | Zenkrye the Formicid Abyssal Knight began the quest for the
                  | Orb.
     0 | Abyss:1  | Reached XP level 1. HP: 18/18 MP: 2/2
     1 | Abyss:1  | Found a corrupted altar of Lugonu.
    18 | D:1      | Escaped the Abyss
    46 | D:1      | Reached skill level 1 in Dodging
    96 | D:1      | Found a faded altar of an unknown god.
   196 | D:1      | Reached XP level 2. HP: 24/24 MP: 3/3
  1057 | D:2      | Reached XP level 3. HP: 29/29 MP: 4/4
  1961 | D:2      | Reached ** piety under Lugonu
  2001 | D:2      | Reached XP level 4. HP: 37/37 MP: 6/6
  2137 | D:3      | Noticed Terence
  2272 | D:3      | Killed from afar by Terence

Illustrated notes

Levels and vault maps discovered:
D:1:      nicolae_arrival_washed_ashore, layout_basic,
          hellmonk_ecumenical_altar_blasted
D:2:      layout_rooms, grunt_ministairs_15, hangedman_feature_mirror,
          serial_bayou_lake_a
D:3:      layout_loops_ring, fedhas_altar_4, uniq_terence

Skill      XL: |  1 |
---------------+----+-----
Dodging        | 1 |  1.6
Fighting       | |  3.7
Axes           | |  2.5
Armour         | |  2.8
Invocations    | |  2.9

Action                   |  1- 3 |  4- 6 || total
-------------------------+-------+-------++-------
Melee: Hand axe          |   105 |    15 ||   120
Invok: Bend Space        |       |     1 ||     1
  Use: Scroll            |     2 |     2 ||     4
Armor: Ring mail         |    52 |     5 ||    57
Dodge: Dodged            |    79 |     7 ||    86

Table legend: (Time is in decaauts)
 A = Elapsed time spent in this place.
 B = Non-inter-level travel time spent in this place.
 C = Inter-level travel time spent in this place.
 D = Time resting spent in this place.
 E = Time spent auto-exploring this place.
 F = Levels seen in this place.
 G = Mean time per level.
                   A        B        C        D        E       F      G
               +--------+--------+--------+--------+--------+-----+--------+
         Total |   2314 |   2265 |     49 |    292 |   1613 |   4 |  578.5 |
       Dungeon |   2296 |   2247 |     49 |    292 |   1613 |   3 |  765.3 |
         Abyss |     18 |     18 |      0 |      0 |      0 |   1 |   18.0 |
               +--------+--------+--------+--------+--------+-----+--------+

Top non-repeatable levels by time:
     D:2: 1149 daAuts
     D:1: 1030 daAuts
     D:3: 116 daAuts
 Abyss:1: 18 daAuts
